[Event "FIDE Women GP Shimkent 2024"]
[Site "Shimkent"]
[Date "2024.11.03"]
[Round "5.1"]
[White "Tan, Zhongyi"]
[Black "Goryachkina, Aleksandra"]
[Result "0-1"]
[ECO "C50"]
[WhiteElo "2551"]
[BlackElo "2533"]
[Annotator "TA"]
[PlyCount "68"]
[EventDate "2024.10.11"]
[EventType "tourn"]
[EventCountry "KAZ"]
[SourceTitle "playchess.com"]
[Source "ChessBase"]
[SourceQuality "1"]
[TimeControl "40/5400+30:1800+30"]

1. e4 e5 2. Nf3 Nc6 3. Bc4 Bc5 4. d3 Nf6 5. Nc3 h6 6. h3 a6 7. Be3 d6 8. Bxc5 dxc5 {[%emt 0:00:06] The position is equal.} 9. a4 Be6 10. Bxe6 fxe6 11. O-O ({White should try} 11. Nd2 $11) 11... Qe7 12. Nb1 g5 13. Nbd2 (13. Ne1 $15 {might be stronger.}) 13... g4 $17 14. hxg4 Nxg4 15. g3 (15. Nh2 h5 16. Nhf3 O-O-O $17) 15... O-O-O 16. Kg2 Rdf8 {[%emt 0:04:32] Black is much more active.} (16... h5 $5 17. c3 Rxd3 $11) 17. c3 {[%emt 0:01:16] Repels Nd4} h5 18. Rh1 Qg7 19. Rh3 Ne7 {[%emt 0:02:15] aiming for ...Ng6.} (19... h4 $5 20. Qe2 (20. Qb3 Kb8 $15) 20... hxg3 21. Rxg3 Qh6 $11) 20. Qb3 {[%emt 0:07:11] [#]} (20. Qe2 $1 $15) 20... Rf6 (20... Ng6 $1 $19 21. Rg1 (21. Qxe6+ $2 Kb8 $19) 21... Rf6) 21. Rf1 (21. Rah1 $17 {keeps fighting.} Ng6 22. Kf1 (22. Rxh5 $2 Nf4+ 23. Kg1 Nxh5 $19)) 21... Rhf8 (21... Ng6 $19 {is more deadly.} 22. Rg1 Kb8) 22. Kg1 (22. Rxh5 $2 Qf7 23. Qd1 Qxh5 $19) (22. Qd1 $17 {was necessary.} Ng6 23. Rg1 (23. Rxh5 $2 Nf4+ 24. Kg1 Nxh5 $19)) 22... Rxf3 $19 23. Qxe6+ (23. Nxf3 $142 Rxf3 24. Qd1) 23... Kb8 24. Nxf3 Rxf3 25. Rxh5 Rxd3 26. Rh3 Rd6 27. Qc4 Rd2 {[%emt 0:02:51] Dodges Qe2. ...Ng6 would now be deadly.} 28. Qxc5 $2 (28. Qe6) 28... Ng6 (28... Rxb2 $2 29. f3 Nc8 (29... b6 30. Qa3 $11) 30. Qa3 $19 (30. fxg4 $2 Qxg4 31. Rf2 Rxf2 $19)) 29. Rh5 {[%emt 0:05:24] [#]} Nf4 $1 30. Rh4 {[%emt 0:04:02] [#]} Nxf2 {[%emt 0:03:31][%mdl 512] A dynamic duo of knights.} 31. Qe3 (31. Qxf2 Rxf2) 31... N4h3+ (31... Rxb2 $2 32. Rxf2 Rb3 33. Kh2 $18) 32. Rxh3 Nxh3+ 33. Kh1 Rd8 (33... Rc2 $142 34. Qd3 Nf2+ (34... Rxb2 $2 35. Qd8+ Ka7 36. Qh4 $19) 35. Rxf2 Rxf2 36. Kg1 Rxb2 37. Qf3 Qh6 38. Qg2 Qe3+ (38... Rxg2+ {is a self mate.} 39. Kxg2 Qe3 40. Kh2 Qxe4 41. Kh3 Qf3 42. Kh4 e4 43. Kg5 e3 44. Kg6 e2 45. Kg7 e1=Q 46. g4 Qe7+ 47. Kg6 Qxg4+ 48. Kh6 Qeh4#) 39. Kh2 Rxg2+ 40. Kxg2 Qxe4+ 41. Kh3 Qf3 (41... Qxa4 42. Kg2 Qc6+ 43. Kf2 Qxc3 44. g4 e4 45. Ke2 Qd3+ 46. Kf2 Qf3+ 47. Kg1 e3 48. Kh2 e2 49. g5 e1=Q 50. g6 Qfh1#) 42. Kh4 e4 (42... Qxc3 {leads to mate.} 43. Kh3 e4 44. Kh4 e3 45. Kh5 Qh8+ 46. Kg6 e2 47. Kf7 e1=Q 48. Kg6 Qe6+ 49. Kg5 Qhh6#) 43. Kg5 e3 (43... Qxg3+ 44. Kf6 e3 45. Ke7 e2 46. Kf8 e1=Q 47. Kf7 Qee5 48. Kf8 Qgg7#) 44. Kg6 e2 (44... Qxg3+ 45. Kf6 e2 46. Kf7 e1=Q 47. c4 Qee5 48. Kf8 Qgg7#) 45. Kg7 e1=Q (45... e1=B {gets mated.} 46. Kg6 Qg4+ 47. Kf7 Bxc3 48. Ke7 Qg6 49. g4 Kc8 50. Kf8 Bb4#) 46. g4 Qe7+ (46... Qexc3+ $2 47. Kg8 Qff6 48. Kh7 Qg7#) 47. Kg6 Qxg4+ 48. Kh6 Qeh4#) 34. Rf5 Rh8 {[%emt 0:00:30] Weighted Error Value: White=0.88/Black=0.49.  Mistake:       	White=7     	Black=2      Inaccurate:     	---       	Black=1      OK:         	White=9     	Black=7      Best:        	White=1     	Black=2} 0-1

[Event "FIDE Women GP Shimkent 2024"]
[Site "Shimkent"]
[Date "2024.11.03"]
[Round "5.2"]
[White "Munguntuul, Batkhuyag"]
[Black "Divya Deshmukh"]
[Result "0-1"]
[ECO "C84"]
[WhiteElo "2344"]
[BlackElo "2501"]
[Annotator "TA"]
[PlyCount "90"]
[EventDate "2024.10.11"]
[EventType "tourn"]
[EventCountry "KAZ"]
[SourceTitle "playchess.com"]
[Source "ChessBase"]
[SourceQuality "1"]
[TimeControl "40/5400+30:1800+30"]

1. e4 e5 2. Nf3 Nc6 3. Bb5 a6 4. Ba4 Nf6 5. O-O Be7 6. d3 b5 7. Bb3 d6 8. a3 {[%emt 0:01:37] C84: Closed Ruy Lopez: Unusual White 6th moves.} a5 9. Nc3 a4 10. Ba2 Rb8 11. Nd5 Nxd5 12. Bxd5 Bd7 13. c3 $146 ({Predecessor:} 13. b4 axb3 14. cxb3 O-O 15. Qc2 Na7 16. b4 Nc8 17. Be3 Nb6 18. Bb3 Bg4 19. Nd2 {1-0 Vachier Lagrave,M (2778)-Rapport,R (2747) Saint Louis Blitz 2019 (11)}) 13... O-O 14. Be3 Na5 15. d4 Bf6 16. dxe5 dxe5 17. Qe2 c6 18. Ba2 Qe7 19. Rad1 Be6 20. Bxe6 Qxe6 21. Ne1 Be7 22. Nd3 Nc4 23. Bc5 Rbd8 24. Bxe7 Qxe7 25. Nb4 Qc7 26. h3 h6 27. Kh1 Rfe8 28. Kh2 Qc8 29. Rfe1 Qe6 30. Na6 Qf6 31. Nb4 Kh7 (31... h5 $5) 32. g3 Qe6 33. Na6 Qc8 (33... Rf8 {feels hotter.} 34. Kg2 f5 35. exf5 Qxf5 36. g4 Qf7) 34. Nc5 Qa8 35. Rxd8 Rxd8 36. Rd1 $2 (36. Nd3 $15) 36... Rxd1 $19 37. Qxd1 Qa7 $1 (37... Nxb2 38. Qd7 $11) 38. Nd3 Nxb2 $1 39. Nxb2 Qxf2+ 40. Kh1 Qxb2 41. Qd7 Qb1+ (41... Qxc3 42. Qf5+ Kh8 (42... g6 43. Qxf7+ Kh8 44. Qf8+ Kh7 45. Qe7+ Kg8 46. Qe8+ Kg7 47. Qe7+ Kg8 48. Qd8+ Kf7 49. Qd7+ Kf8 50. Qd8+ Kf7 51. Qd7+ Kf8 52. Qd8+ Kf7 $11) 43. Qc8+ Kh7 44. Qf5+ Kh8 (44... g6 45. Qxf7+ Kh8 46. Qf8+ Kh7 47. Qf7+ Kh8 48. Qf8+ Kh7 49. Qf7+ $11) 45. Qc8+ Kh7 46. Qf5+ $11) 42. Kh2 Qa2+ 43. Kg1 Qxa3 44. Qxf7 Qc1+ (44... Qxc3 45. Qf5+ Kg8 (45... g6 46. Qf7+ Kh8 47. Qf8+ Kh7 48. Qf7+ Kh8 49. Qf8+ Kh7 50. Qf7+ $11) 46. Qc8+ Kf7 47. Qd7+ Kf6 48. Qd6+ Kg5 49. Qe7+ Kh5 (49... Kg6 $2 50. Qe6+ Kh7 51. Qf5+ Kg8 52. Qc8+ Kf7 53. Qd7+ Kf6 54. Qd6+ Kg5 55. Qe7+ Kh5 56. Qxg7 $19) 50. Qxg7 Qa1+ 51. Kf2 Qa2+ 52. Ke1 $19) 45. Kg2 Qc2+ ({Stronger than} 45... Qxc3 46. Qf5+ Kg8 47. Qc8+ Kf7 48. Qd7+ Kg8 49. Qc8+ Kf7 50. Qd7+ Kf8 51. Qd8+ Kf7 52. Qd7+ $11) 0-1

[Event "FIDE Women GP Shimkent 2024"]
[Site "Shimkent"]
[Date "2024.11.03"]
[Round "5.3"]
[White "Salimova, Nurgyul"]
[Black "Lagno, Kateryna"]
[Result "1/2-1/2"]
[ECO "D58"]
[WhiteElo "2405"]
[BlackElo "2527"]
[Annotator "TA"]
[PlyCount "88"]
[EventDate "2024.10.11"]
[EventType "tourn"]
[EventCountry "KAZ"]
[SourceTitle "playchess.com"]
[Source "ChessBase"]
[SourceQuality "1"]
[TimeControl "40/5400+30:1800+30"]

1. d4 d5 2. Nf3 e6 3. c4 Nf6 4. Nc3 Be7 5. Bg5 h6 6. Bh4 O-O 7. e3 b6 8. Bd3 dxc4 9. Bxc4 Bb7 10. Qc2 Nbd7 11. Rd1 Rc8 12. Bg3 Bd6 13. O-O Bxg3 14. hxg3 c5 15. d5 exd5 16. Nxd5 Nxd5 17. Bxd5 Qc7 18. Bxb7 Qxb7 19. Nh4 Nf6 20. Nf5 {[%emt 0:02:13] Nd6 would now be deadly.} Rcd8 21. Qc3 Rxd1 22. Rxd1 Qe4 $1 23. Qd3 (23. Nxh6+ Kh7 24. f3 Qe6 $17) 23... Qe6 24. b3 b5 25. Nh4 c4 26. bxc4 bxc4 27. Qd4 Rc8 {[%emt 0:01:29] White must now prevent ...c3.} 28. Rc1 Ne4 29. f3 (29. Qxa7 $11 Rd8 30. Qa4) 29... Nxg3 $17 30. Kf2 {[%emt 0:00:21] Prevents Ne2} Nh5 31. g4 Nf6 32. Qxa7 $2 (32. Nf5 $15) 32... Rd8 $19 33. Qa5 {[%emt 0:00:48] Prevents Rd2+.} Rd5 34. Qb4 {[%emt 0:00:29] [#]} Rd3 $2 (34... Qe5 $1 $19 35. Ng2 Qh2) 35. Ng2 $1 $15 Nd5 (35... c3 $1 $15 36. Qb8+ Ne8 (36... Kh7 37. Qb1 $11)) 36. Qxc4 $11 {[%emt 0:00:31] The position is equal.} Rd2+ (36... Nxe3 $2 37. Qxd3 Nxg2 38. Qc4 $18 (38. Kxg2 Qxa2+ 39. Kh3 Qe6 $18) (38. Kxg2 Qxa2+ 39. Kh3 Qe6 $18)) 37. Kf1 Rxa2 38. Qc8+ (38. Qxa2 $2 {perishes.} Nxe3+ 39. Nxe3 Qxa2 $19) 38... Qxc8 39. Rxc8+ {[%emt 0:00:05][%mdl 4096] Endgame. KRN-KRN} Kh7 40. Rc5 Nb4 41. Nf4 Ra3 42. Ke2 Ra2+ 43. Kf1 Ra3 44. Ke2 Ra2+ {[%emt 0:00:05] Weighted Error Value: White=0.20 (precise) /Black=0.16 (very precise) .  Loses game:     	White=1     	---        Missed win:     	---       	Black=1      Mistake:       	White=1     	Black=1      Inaccurate:     	White=3     	Black=2      OK:         	White=10    	Black=15     Best:        	White=3     	Black=1      Strong:       	White=1     	Black=1} 1/2-1/2

[Event "FIDE Women GP Shimkent 2024"]
[Site "Shimkent"]
[Date "2024.11.03"]
[Round "5.4"]
[White "Assaubayeva, Bibisara"]
[Black "Koneru, Humpy"]
[Result "1-0"]
[ECO "A28"]
[WhiteElo "2487"]
[BlackElo "2530"]
[Annotator "TA"]
[PlyCount "67"]
[EventDate "2024.10.11"]
[EventType "tourn"]
[EventCountry "KAZ"]
[SourceTitle "playchess.com"]
[Source "ChessBase"]
[SourceQuality "1"]
[TimeControl "40/5400+30:1800+30"]

1. c4 e5 2. Nc3 Nf6 3. Nf3 Nc6 4. e4 Bb4 5. d3 d6 6. Be2 Bc5 7. h3 Nd4 8. Be3 {[%emt 0:05:04] The position is equal.} c6 9. O-O Nxf3+ 10. Bxf3 Be6 11. Qd2 O-O 12. Be2 Bxe3 13. Qxe3 c5 14. a3 Nd7 15. b4 b6 16. Bd1 cxb4 17. axb4 a5 18. Rb1 axb4 19. Rxb4 Qc7 20. Bc2 Ra6 21. Rfb1 Rb8 22. Kh1 Qc5 23. Qd2 f5 $2 {[%emt 0:03:46] A mistake that costs the game.} (23... Rba8 $14) 24. exf5 $18 Bxf5 {[%emt 0:02:25] [#]} (24... Bf7 {was necessary.} 25. Ne4 Qc6) 25. Nd5 $1 Bg6 26. Rb5 Qa3 27. Ne7+ Kh8 28. Nxg6+ hxg6 29. d4 {[%emt 0:00:34] aiming for dxe5.} exd4 (29... Ra5 $142 30. Qg5 (30. Bxg6 Rxb5 31. Rxb5 Qa1+ 32. Bb1 Qxd4 $18) 30... e4 31. Qh4+ (31. Qxg6 Rxb5 32. cxb5 Nf6 $18) 31... Kg8 32. Rxa5 (32. Bxe4 Rxb5 33. cxb5 Nf6 $18) 32... Qxa5 33. Bxe4 Nf6 34. Bxg6 Qc3) 30. Qxd4 Ne5 {[%emt 0:01:54] [#]} 31. c5 $1 Rc8 (31... Nf7 32. Bxg6) 32. cxd6 (32. Rxb6 Rxb6 33. Rxb6 Qc1+ 34. Bd1 dxc5 35. Qh4+ (35. Qxe5 Qxd1+ 36. Kh2 Qh5 $11) 35... Kg8 $14) 32... Rc5 33. Qh4+ Kg8 34. Bb3+ {[%emt 0:00:09] Weighted Error Value: White=0.04 (flawless) /Black=0.71.  Loses game:     	---       	Black=1      Mistake:       	---       	Black=2      Inaccurate:     	---       	Black=1      OK:         	White=10    	Black=5      Best:        	White=1     	Black=2      Strong:       	White=1     	---} (34. Rxc5 $142 Qxc5 35. Bb3+ Nf7 36. d7 (36. Qd8+ Kh7 37. Bxf7 Ra8 38. Qxa8 Qf5 39. Qg8+ Kh6 40. f4 Qxf4) 36... Ra8 37. Rd1 (37. d8=B Qe5 $18) 37... Qh5 38. d8=Q+ Rxd8 39. Qxd8+ (39. Rxd8+ Kh7 $18) 39... Kh7 40. Bxf7) 1-0

[Event "FIDE Women GP Shimkent 2024"]
[Site "Shimkent"]
[Date "2024.11.03"]
[Round "5.5"]
[White "Tsolakidou, Stavroula"]
[Black "Paehtz, Elisabeth"]
[Result "1-0"]
[ECO "B27"]
[WhiteElo "2439"]
[BlackElo "2458"]
[Annotator "RC"]
[PlyCount "125"]
[EventDate "2024.10.11"]
[EventType "tourn"]
[EventCountry "KAZ"]
[SourceTitle "playchess.com"]
[Source "ChessBase"]
[SourceQuality "1"]
[TimeControl "40/5400+30:1800+30"]

1. e4 c5 2. Nf3 g6 3. c3 d5 4. e5 Nc6 5. d4 Bg4 6. Bb5 Qb6 7. Bxc6+ Qxc6 8. O-O e6 9. dxc5 Bxc5 10. Nbd2 Ne7 11. Nb3 Bb6 12. Bg5 Nf5 13. h3 Bxf3 14. Qxf3 Bd8 15. Bxd8 Rxd8 16. g4 Ng7 17. Qe3 Qa6 18. Qh6 O-O 19. Nd4 f5 20. exf6 Rxf6 21. Qg5 Rdf8 22. Qe5 Qb6 23. b4 Qa6 24. f3 Qc4 25. Rac1 h6 26. Rf2 Kh7 27. Kg2 Qd3 28. Rcc2 Qc4 29. Rfe2 R8f7 30. Re3 a6 31. Rce2 a5 32. bxa5 Qa6 33. Nb3 Qb5 34. Rd2 h5 35. Qd4 Rf4 36. Qd3 Qd7 37. Nd4 Qe7 38. Rde2 hxg4 39. hxg4 Qg5 40. Kh1 R4f6 41. Re5 Qc1+ 42. Re1 Qf4 43. Kg2 Kg8 44. Qe3 Rc7 45. Nxe6 Qxe3 46. R1xe3 Nxe6 47. Rxe6 Rxe6 48. Rxe6 Kf7 49. Rd6 Rxc3 50. Rxd5 Ra3 51. Rb5 Rxa2+ 52. Kg3 Kg8 53. Kf4 Ra3 54. Kg5 Rxf3 55. Rxb7 Ra3 56. Kxg6 Kf8 57. Ra7 Ra4 58. g5 Ra1 59. a6 Ra2 60. Ra8+ Ke7 61. a7 Ra6+ 62. Kg7 Ra1 63. Rf8 1-0